 Dungeon Crawl Stone Soup version 0.30.0-29-ga12c61a403 (webtiles) character file.

Game seed: 2256444981062291235

203 Gorgondantess the Conjurer (level 6, -3/47 HPs)
             Began as a Human Reaver on June 16, 2023.
             Was a Follower of Qazlal.
             Killed by divine providence
             ... invoked by an orc priest
              (10 damage)
             ... on level 3 of the Dungeon.
             The game lasted 00:06:03 (2380 turns).

Gorgondantess the Conjurer (Human Reaver)           Turns: 2380, Time: 00:06:04

Health: -3/47      AC:  6    Str: 13    XL:     6   Next: 8%
Magic:  9/9        EV: 11    Int: 15    God:    Qazlal [*.....]
Gold:   136        SH:  2    Dex: 11    Spells: 6/9 levels left

rFire   . . .        g - +0 quarterstaff
rCold   . . .        (shield currently unavailable)
rNeg    . . .        b - +0 leather armour
rPois   .            l - +2 hat
rElec   .            q - +0 cloak
rCorr   .            (no gloves)
SInv    .            (no boots)
Will    .....        (no amulet)
Stlth   +            (no ring)
HPRegen 0.27/turn    (no ring)
MPRegen 0.11/turn

%: no passive effects
@: no status effects
A: no striking features
a: Renounce Religion


You were on level 3 of the Dungeon.
You worshipped Qazlal.
Qazlal was aware of your devotion.
You visited 1 branch of the dungeon, and saw 3 of its levels.

You collected 136 gold pieces.

Inventory:

Hand Weapons
 a - a +0 falchion
 g - a +0 quarterstaff (weapon)
 k - a +0 trident
 p - a +0 halberd
Missiles
 m - 5 silver javelins
Armour
 b - a +0 leather armour (worn)
 l - a +2 hat (worn)
 q - a +0 cloak (worn)
 y - a +0 ring mail
Scrolls
 d - a scroll of amnesia {unknown}
 e - 3 scrolls of blinking {unknown}
 f - a scroll of identify {unknown}
 h - 2 scrolls of teleportation {unknown}
 i - 2 scrolls of enchant armour {unknown}
 j - 2 scrolls of immolation {unknown}
 o - a scroll of noise {unknown}
 v - a scroll of torment {unknown}
Potions
 c - 2 potions of ambrosia
 n - 2 potions of mutation {unknown}
 r - a potion of heal wounds {unknown}
 s - 2 potions of might {unknown}
 t - a potion of cancellation {unknown}
 u - a potion of brilliance {unknown}
 w - a potion of curing {unknown}
 x - a potion of flight {unknown}


   Skills:
 * Level 3.1 Fighting
 - Level 3.0 Long Blades
 - Level 3.0 Staves
 + Level 0.4 Armour
 + Level 2.0 Dodging
 + Level 2.4 Spellcasting
 + Level 4.0 Conjurations
 + Level 1.0 Translocations
 * Level 0.5 Invocations


You had 6 spell levels left.
You knew the following spells:

 Your Spells              Type           Power      Damage    Failure   Level
a - Kiss of Death         Conj/Necr      28%        2d7       12%         1
b - Momentum Strike       Conj/Tloc      18%        3d8       14%         2

Your spell library contained the following spells:

 Spells                   Type           Power      Damage    Failure   Level
 Beastly Appendage        Tmut           2%         N/A       26%         1
 Hailstorm                Conj/Ice       7%         3d4       34%         3
 Wereblood                Tmut           1%         N/A       38%         2
 Spider Form              Tmut/Pois      1%         N/A       63%         3


Dungeon Overview and Level Annotations

Branches:
Dungeon (3/15)

Altars:
Elyvilon
Qazlal
The Shining One


Message History

The orc priest miscasts a cantrip.
You barely miss the orc. The orc hits you with a +0 club.
You hit the orc priest but do no damage.
The orc hits you but does no damage.
The orc priest hits you but does no damage.
You closely miss the orc priest. The orc misses you.
The orc priest is engulfed in blazing flames.
The orc priest hits you with a +0 war axe!
* * * LOW HITPOINT WARNING * * *
You hit the orc priest.
The orc priest is almost dead.
The orc priest is engulfed in blazing flames.
You kill the orc priest!
Qazlal accepts your kill. The orc hits you with a +0 club.
* * * LOW HITPOINT WARNING * * *
The orc hits you but does no damage.
Your Fighting skill increases to level 3!
You have reached level 6!
You closely miss the orc. The orc hits you with a +0 club.
* * * LOW HITPOINT WARNING * * *
You hit the orc.
The orc is almost dead.
The orc barely misses you.
You closely miss the orc.
The orc is almost dead.
The orc hits you but does no damage.
You hit the orc.
You kill the orc!
Qazlal accepts your kill.
You see here a +0 club.
You start resting.
An orc priest comes into view. It is wielding a +0 club.
The orc priest shouts!
The orc priest mumbles some strange prayers to Beogh against you.
Beogh smites you!
* * * LOW HITPOINT WARNING * * *
The orc priest calls down the wrath of Beogh upon you.
Beogh smites you!
You die...

≈≈≈≈~≈≈~.~#.##.######.##...#.....
≈≈≈≈≈≈≈≈.~#.##.# #..............
~~≈≈≈~~~~.#.##.####.##.####......
~.~~~..~≈.#.##.......#...........
†...~..~~~# ######..#######.#.##
##....<.#.# #####.............#
.......##.# ..#...#######.####
##...####.# #.#.#.............
..........# #@#.#.#.##.....#.#
..........#. #.#..>..##..##.#..
#.#......... #.#.###.##.###.###
#.#.##...... #.#.###....# #....
.....>....# #......##### #####
#.(.##....# #..†...# ..........#
#.###o....# ...##.....#
#....)....# ....#.....#
#..)...)..#


You could see an orc priest.

Vanquished Creatures
  A black bear (D:3)
  An orc priest (D:3)
  2 adders
  A worm (D:3)
  2 dart slugs
  2 orcs (D:3)
  4 ball pythons
  4 bats
  2 endoplasms
  2 giant cockroaches (D:3)
  7 goblins
  4 hobgoblins
  2 jackals (D:1)
  4 kobolds
  4 quokkas
  2 frilled lizards
  6 rats
50 creatures vanquished.

Notes
Turn   | Place    | Note
-------+----------+-------------------------------------------
     0 | D:1      | Gorgondantess the Human Reaver began the quest for the Orb.
     0 | D:1      | Reached XP level 1. HP: 16/16 MP: 3/3
   204 | D:1      | Reached XP level 2. HP: 17/22 MP: 5/5
   213 | D:1      | Learned a level 2 spell: Momentum Strike
   741 | D:1      | Reached XP level 3. HP: 24/27 MP: 6/6
  1449 | D:2      | Reached skill level 1 in Translocations
  1655 | D:2      | Found a glowing golden altar of the Shining One.
  1827 | D:3      | Reached skill level 1 in Staves
  1827 | D:3      | Reached XP level 4. HP: 34/34 MP: 7/7
  1878 | D:3      | Found a white marble altar of Elyvilon.
  2143 | D:3      | Found a faded altar of an unknown god.
  2160 | D:3      | Prayed at the altar of an unknown god.
  2160 | D:3      | Became a worshipper of Qazlal Stormbringer
  2160 | D:3      | Reached * piety under Qazlal
  2287 | D:3      | Noticed a black bear
  2301 | D:3      | Killed a black bear
  2302 | D:3      | Reached skill level 4 in Conjurations
  2302 | D:3      | Reached XP level 5. HP: 36/40 MP: 8/8
  2323 | D:3      | Reached XP level 6. HP: 8/47 MP: 9/9
  2380 | D:3      | Killed from afar by an orc priest

Illustrated notes

Levels and vault maps discovered:
D:1:      co_arrival_random_square_maze, layout_loops_corners
D:2:      layout_basic, basic_altar
D:3:      layout_basic, mainiacjoe_overflow_small_starburst,
          nicolae_hepliaklqana_hippocampus, chequers_ecumenical_altar_island

Skill      XL: |  1  2  3  4  5 |
---------------+----------------+-----
Translocations | 1 |  1.0
Staves         | 1 3 |  3.0
Conjurations   | 4 |  4.0
Fighting       | 3 |  3.1
Long Blades    | |  3.0
Armour         | |  0.4
Dodging        | |  2.0
Spellcasting   | |  2.4
Invocations    | |  0.5

Action                     |  1- 3 |  4- 6 || total
---------------------------+-------+-------++-------
  Melee: Falchion          |    55 |       ||    55
         Quarterstaff      |    48 |    54 ||   102
   Cast: Momentum Strike   |     3 |     2 ||     5
    Use: Potion            |       |     1 ||     1
 Armour: Leather armour    |    26 |    24 ||    50
  Dodge: Dodged            |    59 |    28 ||    87
